 Dungeon Crawl Stone Soup version 0.26-a0-651-gb41185065b (webtiles) character file.

Game seed: 6144822106591562661

10375 Flugslaktarn the Cleaver (level 11, -5/106 HPs)
             Began as a Deep Dwarf Fighter on Oct 6, 2020.
             Was a Priest of Makhleb.
             Slain by a large abomination (7 damage)
             ... summoned by a glowing orange brain
             ... on level 2 of the Abyss.
             The game lasted 00:04:02 (5485 turns).

Flugslaktarn the Cleaver (Deep Dwarf Fighter)       Turns: 5485, Time: 00:04:03

Health: -5/106     AC: 17    Str: 19 (20) XL:     11   Next: 35%
Magic:  8/8        EV: 12    Int:  3 (8)  God:    Makhleb [***...]
Gold:   655        SH: 11    Dex: 11      Spells: 10/10 levels left

rFire    . . .     SeeInvis +   a - +0 war axe
rCold    . . .     Faith    .   c - +0 kite shield
rNeg     . . .     Spirit   .   B - quicksilver dragon scales
rPois    .         Reflect  .   y - +2 helmet {Int+3}
rElec    .         Harm     .   (no cloak)
rCorr    .         Rampage  .   f - +1 pair of gloves
MR       ++...                  (no boots)
Stlth    +.........             (no amulet)
HPRegen  0.00/turn              i - ring of see invisible
MPRegen  0.11/turn              j - +4 ring of slaying

@: lethally poisoned (-5 -> -5), afraid, non-regenerating
A: damage resistance, heal wounds, [blurry vision 1], [clumsy 1], [deterioration
2], [dopey 2], [low mp 2], sense surroundings 2, [screaming 2], [weak 1], no
regeneration
a: Heal Wounds, Minor Destruction, Lesser Servant of Makhleb, Renounce Religion


You were on level 2 of the Abyss.
You worshipped Makhleb.
Makhleb was most pleased with you.
You visited 2 branches of the dungeon, and saw 11 of its levels.
You visited the Abyss 1 time.
You also visited: Ossuary.

You collected 655 gold pieces.

Inventory:

Hand Weapons
 a - a +0 war axe (weapon)
 E - a +1 dagger of distortion
   (You took it off Psyche on level 10 of the Dungeon)
Armour
 c - a +0 kite shield (worn)
 f - a +1 pair of gloves (worn)
   (You found it on level 6 of the Dungeon)
 u - a +0 plate armour
   (You found it on level 5 of the Dungeon)
 y - a +2 helmet of intelligence (worn)
   (You found it on level 4 of the Dungeon)
 B - quicksilver dragon scales (worn)
   (You found it on level 6 of the Dungeon)
 F - a +0 pair of boots
   (You found it on level 2 of the Abyss)
Jewellery
 g - a +6 ring of dexterity
   (You found it on level 2 of the Dungeon)
 i - a ring of see invisible (left hand)
   (You found it on level 7 of the Dungeon)
 j - a +4 ring of slaying (right hand)
   (You found it on level 3 of the Dungeon)
 m - an uncursed ring of protection from magic
   (You found it on level 7 of the Dungeon)
Wands
 b - a wand of iceblast (8)
   (You found it on level 8 of the Dungeon)
 v - a wand of acid (25)
   (You found it on level 7 of the Dungeon)
 C - a wand of paralysis (9)
   (You found it on level 8 of the Dungeon)
Scrolls
 l - 2 scrolls of fear
 p - 4 scrolls of magic mapping
 r - 2 scrolls of identify
 t - 3 scrolls of teleportation
 w - a scroll of enchant armour
 x - 7 scrolls of remove curse
 D - a scroll of noise {unknown}
Potions
 d - 2 potions of might
 e - a potion of cancellation {unknown}
 h - 4 potions of haste
 k - a potion of resistance {unknown}
 n - 2 potions of flight {unknown}
 o - 4 potions of degeneration {unknown}
 q - 5 potions of curing
 s - 2 potions of lignification {unknown}
 z - 3 potions of heal wounds {unknown}
 A - a potion of ambrosia {unknown}


   Skills:
 * Level 9.2 Fighting
 * Level 10.5 Axes
 + Level 8.0 Armour
 + Level 5.6 Dodging
 + Level 8.0 Shields
 + Level 6.9 Invocations


You had 10 spell levels left.
You didn't know any spells.
Your spell library was empty.

Dungeon Overview and Level Annotations

Branches:
Dungeon (10/15)            Temple (1/1) D:4            Lair (0/6) D:8
Ossuary (visited)
    Orc: D:9-12

Altars:
Ashenzari
Cheibriados
Dithmenos
Elyvilon
Fedhas
Gozag
Kikubaaqudgha
Makhleb
Nemelex Xobeh
Okawaru
Qazlal
Ru
Sif Muna
Trog
Uskayaw
Wu Jian
Xom
Yredelemnul
Zin
The Shining One

Shops:
D:8 :

Annotations:
D:5 1 runed translucent door
D:10 Joseph


Innate Abilities, Weirdness & Mutations

You are resistant to damage.
You can heal yourself by infusing magical energy.
You passively map the area around you.
You do not regenerate.
[Scrolls take you a little longer to read.]
[You are clumsy. (Dex -2)]
[Your body often deteriorates upon taking damage.]
[You are very dopey. (Int -4)]
[Your magical capacity is very low. (-20% MP)]
[You sometimes yell uncontrollably at your foes.]
[You are weak. (Str -2)]


Message History

* * * LOW HITPOINT WARNING * * *
The large abomination barely misses you.
You block the death drake's attack.
You fail to use your ability.
The large abomination hits you!!
* * * LOW HITPOINT WARNING * * *
The large abomination hits you but does no damage.
The death drake closely misses you.
Okay, then.
You feel much better.
The glowing orange brain pulsates.
Something tries to feed on your intellect!
The death drake closely misses you. The large abomination hits you!!
* * * LOW HITPOINT WARNING * * *
You block the large abomination's attack.
You feel much better. You block the death drake's attack.
The glowing orange brain pulsates.
The large abomination hits you!!
* * * LOW HITPOINT WARNING * * *
The large abomination hits you!
You die...

. #. .# . .
. # . #
##.# . # #
##...# . #
## #.#
..#.#
.#○....#.#
# #.#.....#
#°.Gh.# . #
#X##. # .#○
#@k##.
#..#X..## #
#.
.#.#.#...#
. # #
###...#...#
.#..#..## .
..# .# # .#
. .#


You could see a death drake, a glowing orange brain (scary), 2 large
abominations and a raiju (summoned, wandering).

Vanquished Creatures
  A two-headed ogre (D:9)
  A wretched star (Abyss:2)
  Pikel (D:4)
  An ugly thing (D:10)
  An orb spider (Abyss:2)
  A smoke demon (Abyss:2)
  A troll (D:10)
  A hornet (D:8)
  A large abomination (Abyss:2)
  3 raiju (Abyss:2)
  A hippogriff (D:8)
  4 yaks (D:10)
  A vampire (D:10)
  A chaos spawn (Abyss:2)
  A water moccasin (D:7)
  A porcupine (D:8)
  5 black bears
  2 sky beasts (D:10)
  5 orc warriors
  An ice beast (D:9)
  6 phantoms
  An ogre (D:4)
  A centaur (D:7)
  A lemure (D:4)
  A big kobold (D:10)
  4 bullfrogs
  9 scorpions
  3 jellies
  10 killer bees
  8 wights (D:8)
  3 howler monkeys
  A bullfrog skeleton (D:9)
  3 orc priests
  5 orc wizards
  7 hounds
  3 iguanas
  7 worker ants
  2 hound skeletons
  A mummy (D:4)
  3 gnolls (D:7)
  5 adders
  2 shadow imps
  A white imp (D:6)
  An ufetubus (D:8)
  An ooze (D:4)
  An adder skeleton (D:4)
  2 worms
  A dart slug (D:3)
  A leopard gecko (D:3)
  42 orcs
  4 giant cockroaches
  2 goblins (D:1)
  2 hobgoblins (D:1)
  3 jackals (D:7)
  5 quokkas
  2 bats
  5 frilled lizards
  A gnoll skeleton (Ossuary)
  A hobgoblin skeleton (Ossuary)
  8 kobolds
  2 kobold zombies (D:4)
  A quokka zombie (D:7)
  A rat (D:1)
  A spectral orc (D:8)
208 creatures vanquished.

Vanquished Creatures (collateral kills)
  A two-headed ogre (D:10)
  Psyche (D:10)
  A yak (D:10)
3 creatures vanquished.

Vanquished Creatures (others)
  3 fungi (D:8)
  A plant (D:8)
4 creatures vanquished.

Grand Total: 215 creatures vanquished

Notes
Turn   | Place    | Note
-------+----------+-------------------------------------------
     0 | D:1      | Flugslaktarn the Deep Dwarf Fighter began the quest for the
                  | Orb.
     0 | D:1      | Reached XP level 1. HP: 20/20 MP: 1/1
   147 | D:1      | Reached XP level 2. HP: 22/27 MP: 2/2
   451 | D:4      | Reached XP level 3. HP: 27/34 MP: 3/3
   460 | D:4      | Reached skill level 3 in Axes
   605 | D:4      | Found a sand-covered staircase.
   612 | D:4      | Reached XP level 4. HP: 14/42 MP: 4/4
   616 | Ossuary  | Entered an ossuary
   726 | D:4      | Noticed a phantom
   738 | D:4      | Killed a phantom
   738 | D:4      | Reached skill level 4 in Axes
   738 | D:4      | Reached XP level 5. HP: 45/50 MP: 5/5
   783 | D:4      | Noticed an ogre
   788 | D:4      | Killed an ogre
   788 | D:4      | Reached XP level 6. HP: 45/57 MP: 6/6
   854 | D:4      | Noticed Pikel
   879 | D:4      | Killed Pikel
   879 | D:4      | Reached skill level 5 in Fighting
   879 | D:4      | Reached skill level 6 in Axes
   879 | D:4      | Reached skill level 5 in Armour
   879 | D:4      | Reached skill level 5 in Shields
   879 | D:4      | Reached XP level 7. HP: 49/67 MP: 7/7
   897 | D:4      | Found a staircase to the Ecumenical Temple.
   907 | Temple   | Entered the Ecumenical Temple
  1088 | Temple   | Became a worshipper of Makhleb the Destroyer
  1301 | D:5      | Entered Level 5 of the Dungeon
  1310 | D:5      | Reached XP level 8. HP: 53/75 MP: 8/8
  1535 | D:5      | Reached skill level 1 in Invocations
  1712 | D:5      | Found a runed translucent door.
  2185 | D:6      | Reached skill level 1 in Dodging
  2284 | D:6      | Reached * piety under Makhleb
  2648 | D:7      | Reached skill level 7 in Axes
  2734 | D:7      | Gained mutation: You passively map the area around you.
                  | [Deep Dwarf growth]
  2734 | D:7      | Reached XP level 9. HP: 75/85 MP: 11/11
  3177 | D:8      | Found Quziad's Book Boutique.
  3180 | D:8      | Reached ** piety under Makhleb
  3293 | D:8      | Reached skill level 8 in Axes
  3786 | D:8      | Found a basalt altar of Yredelemnul.
  3829 | D:8      | Found a staircase to the Lair.
  3881 | D:8      | Paralysed by a hornet for 3 turns
  3886 | D:8      | Reached XP level 10. HP: 64/96 MP: 13/13
  4086 | D:9      | Found a bloodstained altar of Trog.
  4099 | D:9      | Reached skill level 5 in Invocations
  4114 | D:9      | Found a burning altar of Makhleb.
  4207 | D:9      | Noticed a two-headed ogre
  4222 | D:9      | Killed a two-headed ogre
  4222 | D:9      | Reached skill level 9 in Axes
  4387 | D:9      | Reached *** piety under Makhleb
  4761 | D:10     | Entered Level 10 of the Dungeon
  4848 | D:10     | Noticed a two-headed ogre
  4863 | D:10     | Killed a two-headed ogre
  4892 | D:10     | Reached skill level 5 in Dodging
  4905 | D:10     | Found a shadowy altar of Dithmenos.
  4919 | D:10     | Noticed Psyche
  4927 | D:10     | Killed Psyche
  4929 | D:10     | Reached skill level 10 in Axes
  4935 | D:10     | Reached XP level 11. HP: 73/104 MP: 15/15
  4981 | D:10     | Noticed a purple ugly thing
  4990 | D:10     | Killed a purple ugly thing
  5175 | D:10     | Noticed Joseph
  5185 | D:10     | Cast into level 2 of the Abyss (Joseph)
  5188 | Abyss:2  | Found a corrupted altar of Lugonu.
  5232 | Abyss:2  | Noticed an orb spider
  5248 | Abyss:2  | Killed an orb spider
  5252 | Abyss:2  | Noticed a thrashing horror
  5253 | Abyss:2  | Noticed a thrashing horror
  5419 | Abyss:2  | Noticed a wretched star
  5438 | Abyss:2  | Killed a wretched star
  5463 | Abyss:2  | Noticed a death drake
  5472 | Abyss:2  | Noticed a glowing orange brain
  5478 | Abyss:2  | Noticed a large abomination
  5484 | Abyss:2  | HP: 2/106 [large abomination (24)]
  5485 | Abyss:2  | Slain by a large abomination

Illustrated notes

Levels and vault maps discovered:
D:1:      evilmike_arrival_crescent, layout_loops_ring
D:2:      layout_loops_ring, chequers_ecumenical_altar_island, uniq_natasha
D:3:      layout_basic, gammafunk_temple_overflow_statue
D:4:      layout_basic, minmay_temple_entry_wispy, nicolae_ossuary_entry_giza,
          hangedman_abyss_or_decor_stabs, uniq_pikel
D:5:      layout_basic, lightli_church_of_beogh, uniq_menkaure
D:6:      layout_basic
D:7:      layout_loops_ring
D:8:      layout_loops_ring, yredelemnul_forgotten_temple_becter,
          grunt_lair_entry_orc_guard_hut, serial_shops, nicolae_shop_crystal,
          serial_rivers, chequers_serial_rivers_large_b,
          chequers_serial_rivers_large_a, chequers_serial_rivers_room_b,
          chequers_serial_rivers_marsh, chequers_serial_rivers_micro_b,
          chequers_serial_rivers_room_a
D:9:      layout_irregular_city, trog_ov_bears_minmay, basic_altar
D:10:     layout_irregular_city, grunt_dithmenos_smoke, uniq_psyche, uniq_joseph
Temple:   eino_narrow_crystal_temple
Abyss:2:  base: D:12, evilmike_abyss_exit_17, minivault_25

Skill      XL: |  1  2  3  4  5  6  7  8  9 10 11 |
---------------+----------------------------------+-----
Fighting       | 3 4 5 6 7 8 9 |  9.2
Axes           | 3 4 6 7 8 10 | 10.5
Armour         | 4 5 6 7 8 |  8.0
Shields        | 4 5 6 7 8 |  8.0
Invocations    | 3 4 6 |  6.9
Dodging        | 2 3 5 |  5.6

Action                   |  1- 3 |  4- 6 |  7- 9 | 10-12 || total
-------------------------+-------+-------+-------+-------++-------
Melee: War axe           |    69 |    89 |   301 |   261 ||   720
Invok: Lesser Servant of |       |       |       |     3 ||     3
 Abil: Heal Wounds       |       |     4 |     4 |    13 ||    21
  Use: Scroll            |       |       |    12 |       ||    12
       Potion            |       |       |       |     1 ||     1
Armor: Scale mail        |    21 |    28 |    24 |       ||    73
       Quicksilver drago |       |       |   133 |    95 ||   228
       Plate armour      |       |       |    20 |       ||    20
Dodge: Dodged            |    21 |    15 |   124 |   135 ||   295
Block: Kite shield       |    40 |    43 |   182 |   155 ||   420

Table legend: (Time is in decaauts)
 A = Elapsed time spent in this place.
 B = Non-inter-level travel time spent in this place.
 C = Inter-level travel time spent in this place.
 D = Time resting spent in this place.
 E = Time spent auto-exploring this place.
 F = Levels seen in this place.
 G = Mean time per level.
                   A        B        C        D        E       F      G
               +--------+--------+--------+--------+--------+-----+--------+
         Total |   5643 |   5370 |    273 |     18 |   3887 |  13 |  434.1 |
       Dungeon |   5143 |   4890 |    253 |     13 |   3568 |  10 |  514.3 |
        Temple |    196 |    176 |     20 |      0 |    174 |   1 |  196.0 |
         Abyss |    288 |    288 |      0 |      5 |    144 |   1 |  288.0 |
       Ossuary |     14 |     14 |      0 |      0 |      0 |   1 |   14.0 |
               +--------+--------+--------+--------+--------+-----+--------+

Top non-repeatable levels by time:
     D:8: 954 daAuts
     D:5: 751 daAuts
     D:9: 696 daAuts
     D:4: 691 daAuts
     D:7: 616 daAuts
     D:6: 543 daAuts
    D:10: 429 daAuts
 Abyss:2: 288 daAuts
  Temple: 196 daAuts
     D:1: 181 daAuts
     D:3: 158 daAuts
     D:2: 121 daAuts
 Ossuary: 14 daAuts
